 Dungeon Crawl Stone Soup version 0.16-b1 (webtiles) character file.

28 dysrexia the Vexing (level 2, 0/11 HPs)
             Began as a Felid Enchanter on Mar 3, 2015.
             Slain by a hobgoblin
             ... wielding a +0 club
              (5 damage)
             ... on level 1 of the Dungeon.
             The game lasted 00:03:12 (848 turns).

dysrexia the Vexing (Felid Enchanter)                Turns: 848, Time: 00:03:12

Health: 0/11       AC:  1    Str:  4    XL:     2   Next: 96%
Magic:  4/5        EV: 18    Int: 16    God:
Gold:   35         SH:  0    Dex: 16    Spells: 2 memorised, 2 levels left
                                        Lives:  0   Deaths: 0

rFire  . . .     SeeInvis +       - Unarmed
rCold  . . .     Clarity  .     (armour unavailable)
rNeg   . . .     SustAb   .     (shield unavailable)
rPois  .         Gourm    .     (helmet unavailable)
rElec  .         Spirit   .     (cloak unavailable)
rCorr  .         Warding  .     (gloves unavailable)
rMut   .         Stasis   .     (boots unavailable)
MR     .....                    (no amulet)
Stlth  +++.......               (no ring)
                                (no ring)

@: quick, not resistant to hostile enchantments, fairly stealthy
A: paw claws, no armour, no weapons or thrown items, fangs 3, see invisible,
carnivore 3, speed 1, shaggy fur 1, slow metabolism 1, sharp paws
a: no special abilities


You were on level 1 of the Dungeon.
You were very full.

You visited 1 branch of the dungeon, and saw 1 of its levels.

You collected 35 gold pieces.

Inventory:

Jewellery
 e - an uncursed ring of fire {unknown}
Scrolls
 f - a scroll of blinking {unknown}
 h - a scroll of teleportation {unknown}
 i - a scroll of identify {unknown}
Potions
 a - a potion of restore abilities {unknown}
 b - a potion of agility {unknown}
 j - a potion of heal wounds {unknown}
Books
 c - a book of Maledictions

   Spells                             Type                      Level
   a - Corona                         Hexes                        1
   b - Sure Blade                     Hexes/Charms                 2
   c - Ensorcelled Hibernation        Hexes/Ice                    2
   d - Confuse                        Hexes                        3
   e - Dazzling Spray                 Conjuration/Hexes            3
   f - Enslavement                    Hexes                        4
Comestibles
 d - a meat ration
 g - 3 chunks of flesh


   Skills:
 - Level 2.8 Dodging
 - Level 4.1 Stealth
 - Level 2.2 Unarmed Combat
 - Level 2.0 Spellcasting
 + Level 4.8 Hexes
 + Level 0.6 Ice Magic


You had 2 spell levels left.
You knew the following spells:

 Your Spells              Type           Power        Failure   Level  Hunger
a - Corona                Hex            ###....      3%          1    #......
b - Ensorcelled Hibernat  Hex/Ice        ##....       12%         2    ###....


Dungeon Overview and Level Annotations

Branches:
Dungeon (1/15)

Altars:


Innate Abilities, Weirdness & Mutations

You cannot wear armour.
You are incapable of wielding weapons or throwing items.
You have razor-sharp teeth.
You have supernaturally acute eyesight.
You are carnivorous and can eat meat at any time.
You cover ground quickly.
You are covered in fur (AC +1).
You have a slow metabolism.
Your paws have sharp claws that are effective at stabbing.


Message History

Casting: Ensorcelled Hibernation
Confirm with . or Enter, or press ? or * to list all spells.
Aiming: Corona
Press: ? - help, Shift-Dir - straight line, f - hobgoblin
Aim: a hobgoblin, wielding a club (chance 71%)
The hobgoblin is outlined in light.
The hobgoblin hits you with a club.
You scratch the hobgoblin.
The hobgoblin begins to bleed from its wounds!
The hobgoblin is heavily wounded.
You scratch the hobgoblin.
The hobgoblin is severely wounded.
The hobgoblin closely misses you.
You scratch the hobgoblin but do no damage.
The hobgoblin is severely wounded.
The hobgoblin barely misses you.
You scratch the hobgoblin but do no damage.
The hobgoblin is severely wounded.
The hobgoblin hits you with a club.
You die...

..# .....# ......# .
.....# .### ....# .?....
...# # ...... ..#.# .#
###.......####+###.#.#...#
....... ......bg@.....>.#
####.# ######+###.#.#.....
.....# .........# # #
.....# .........#
.....#####.........#
.....#.............#
####...............# #
#...............# .
#รท..............#


You could see a hobgoblin (bleeding) and a bat.

Vanquished Creatures
  An adder (D:1)
  4 goblins (D:1)
  3 hobgoblins (D:1)
  2 kobolds (D:1)
  A ball python (D:1)
  4 bats (D:1)
  A giant newt (D:1)
  2 rats (D:1)
18 creatures vanquished.

Notes
Turn   | Place    | Note
--------------------------------------------------------------
     0 | D:1      | dysrexia, the Felid Enchanter, began the quest for the Orb.
     0 | D:1      | Reached XP level 1. HP: 7/7 MP: 4/4
   458 | D:1      | Reached XP level 2. HP: 4/11 MP: 3/5
   730 | D:1      | Learned a level 2 spell: Ensorcelled Hibernation
   848 | D:1      | Slain by a hobgoblin

Action                   || total
-------------------------++-------
Melee: Unarmed           ||    54
 Cast: Corona            ||    17
       Ensorcelled Hiber ||     1
 Stab: Sleeping          ||     2
  Eat: Chunk             ||     7
